XFBL
CLEVELAND SPIDERS @ OAKLAND ATHLETICS
05/08/1982
 
TOP OF THE 1ST
Cleveland Spiders batting - Pitching for Oakland Athletics : LHP Gerald Tyler
Pitching: LHP Gerald Tyler
Batting: RHB Alan Trammell 0-0: Ball
1-0: Ball
2-0: Foul Ball, location: 2F
2-1: Ground out 6-3 (Groundball, 6S, EV 79.4 MPH)
Batting: SHB Bump Wills 0-0: Called Strike
0-1: Swinging Strike
0-2: Reached on error, E6 (Groundball, 6M, EV 92.5 MPH)
Batting: RHB Cressy Pratt 0-0: Ball
1-0: Foul Ball, location: 2F
1-1: Ball
2-1: Fly out, F9 (Line Drive, 9, EV 93.1 MPH)
Batting: RHB Clayton Elliott 0-0: Ball
1-0: Ball
2-0: Swinging Strike
2-1: Ball
3-1: SINGLE (Line Drive, 78M, EV 111.3 MPH)
Bump Wills to third
Runner from 3rd tries for Home, SAFE, throw by LF to home
Batting: SHB Salvador Perez 0-0: Foul Ball, location: 2F
0-1: Foul Ball, location: 2F
0-2: Strikes out swinging
Top of the 1st over - 1 run, 1 hit, 1 error, 1 left on base; Cleveland 1 - Oakland 0
BOTTOM OF THE 1ST
Oakland Athletics batting - Pitching for Cleveland Spiders : RHP Vinny Mendoza
Pitching: RHP Vinny Mendoza
Batting: RHB Scott Fletcher 0-0: Called Strike
0-1: Ball
1-1: Foul Ball, location: 2F
1-2: Ball
2-2: Foul Ball, location: 2F
2-2: SINGLE (Line Drive, 7S, EV 107.5 MPH)
Batting: LHB Ruppert Jones 0-0: Fly out, F8 (Flyball, 8LS, EV 93.8 MPH)
Batting: RHB Dave Henderson 0-0: Ball
1-0: Swinging Strike
1-1: Ball
2-1: Called Strike
2-2: Fly out, F9 (Flyball, 9LD, EV 101.9 MPH)
Batting: LHB Reggie Jackson 0-0: Ball
1-0: Foul Ball, location: 2F
1-1: Foul Ball, location: 2F
1-2: Foul Ball, location: 2F
1-2: Fly out, F8 (Flyball, 89D, EV 96.9 MPH)
Bottom of the 1st over - 0 runs, 1 hit, 0 errors, 1 left on base; Cleveland 1 - Oakland 0
TOP OF THE 2ND
Cleveland Spiders batting - Pitching for Oakland Athletics : LHP Gerald Tyler
Batting: RHB Tom Brunansky 0-0: Called Strike
0-1: Ball
1-1: Foul Ball, location: 2F
1-2: Foul Ball, location: 2F
1-2: Ball
2-2: Foul Ball, location: 2F
2-2: Ground out 6-3 (Groundball, 6S, EV 80.6 MPH)
Batting: RHB Kevin Bell 0-0: Called Strike
0-1: Ball
1-1: Fly out, F9 (Line Drive, 9, EV 90.6 MPH)
Batting: RHB Lance Parrish 0-0: Ball
1-0: Ball
2-0: Ball
3-0: Base on Balls
Batting: RHB Jesse Barfield 0-0: Called Strike
0-1: Foul Ball, location: 2F
0-2: Strikes out swinging
Top of the 2nd over - 0 runs, 0 hits, 0 errors, 1 left on base; Cleveland 1 - Oakland 0
BOTTOM OF THE 2ND
Oakland Athletics batting - Pitching for Cleveland Spiders : RHP Vinny Mendoza
Batting: RHB George Hendrick 0-0: Swinging Strike
0-1: Ball
1-1: Swinging Strike
1-2: Strikes out swinging
Batting: RHB Earl C Williams 0-0: Ball
1-0: Ball
2-0: SINGLE (Groundball, 6MD, EV 105.6 MPH)
Batting: LHB Ben Oglivie 0-0: 2-RUN HOME RUN (Flyball, 9LD, EV 103.1 MPH), Distance : 349 ft
Batting: RHB Barry Evans 0-0: Ball
1-0: Foul Ball, location: 2F
1-1: Foul Ball, location: 2F
1-2: Ball
2-2: Ball
3-2: Strikes out swinging
Batting: RHB Fred Andrews 0-0: Ball
1-0: SINGLE (Groundball, 56D, EV 101.3 MPH)
Batting: RHB Scott Fletcher 0-0: Called Strike
0-1: Ball
1-1: Foul Ball, location: 2F
1-2: Foul Ball, location: 2F
1-2: Foul Ball, location: 2F
1-2: Ball
2-2: Ground out 4-3 (Groundball, 34, EV 80.0 MPH)
Bottom of the 2nd over - 2 runs, 3 hits, 0 errors, 1 left on base; Cleveland 1 - Oakland 2
TOP OF THE 3RD
Cleveland Spiders batting - Pitching for Oakland Athletics : LHP Gerald Tyler
Batting: RHB Alan Trammell 0-0: Called Strike
0-1: Ball
1-1: Called Strike
1-2: Strikes out swinging
Batting: SHB Bump Wills 0-0: Ball
1-0: SINGLE (Line Drive, 6D, EV 103.8 MPH)
Batting: RHB Cressy Pratt 0-0: Ball
1-0: Swinging Strike
1-1: TRIPLE (Flyball, 78XD, EV 110.6 MPH)
Bump Wills scores
Batting: RHB Clayton Elliott 0-0: Foul Ball, location: 2F
0-1: Ground out 4-3 (Groundball, 34, EV 98.1 MPH)
Cressy Pratt scores
Batting: SHB Salvador Perez 0-0: DOUBLE (Flyball, 78XD, EV 105.6 MPH)
Batting: RHB Tom Brunansky 0-0: Ball
1-0: Ball
2-0: Called Strike
2-1: Foul Ball, location: 2F
2-2: Strikes out looking
Top of the 3rd over - 2 runs, 3 hits, 0 errors, 1 left on base; Cleveland 3 - Oakland 2
BOTTOM OF THE 3RD
Oakland Athletics batting - Pitching for Cleveland Spiders : RHP Vinny Mendoza
Batting: LHB Ruppert Jones 0-0: Ball
1-0: Called Strike
1-1: Ball
2-1: Foul Ball, location: 2F
2-2: SINGLE (Line Drive, 89M, EV 98.1 MPH)
Batting: RHB Dave Henderson 0-0: Ball
Ruppert Jones is caught stealing 2nd base 2-4
1-0: Fly out, F5 (Popup, 56S, EV 81.3 MPH)
Batting: LHB Reggie Jackson 0-0: Foul Ball, location: 2F
0-1: Foul Ball, location: 2F
0-2: Strikes out swinging
Bottom of the 3rd over - 0 runs, 1 hit, 0 errors, 0 left on base; Cleveland 3 - Oakland 2
TOP OF THE 4TH
Cleveland Spiders batting - Pitching for Oakland Athletics : LHP Gerald Tyler
Batting: RHB Kevin Bell 0-0: Ball
1-0: Called Strike
1-1: Foul Ball, location: 2F
1-2: Ground out 1-3 (Groundball, 34S, EV 73.1 MPH)
Batting: RHB Lance Parrish 0-0: Called Strike
0-1: Ground out 5-3 (Groundball, 5, EV 85.6 MPH)
Batting: RHB Jesse Barfield 0-0: Foul Ball, location: 2F
0-1: Called Strike
0-2: Foul Ball, location: 2F
0-2: Fly out, F9 (Flyball, 89M, EV 79.4 MPH)
Top of the 4th over - 0 runs, 0 hits, 0 errors, 0 left on base; Cleveland 3 - Oakland 2
BOTTOM OF THE 4TH
Oakland Athletics batting - Pitching for Cleveland Spiders : RHP Vinny Mendoza
Batting: RHB George Hendrick 0-0: Ball
1-0: Called Strike
1-1: Ground out 6-3 (Groundball, 6, EV 106.9 MPH)
Batting: RHB Earl C Williams 0-0: Hit by Pitch
Batting: LHB Ben Oglivie 0-0: Foul Ball, location: 2F
0-1: Foul Ball, location: 2F
0-2: Ball
1-2: Ball
2-2: Foul Ball, location: 2F
2-2: Ground out 4-3 (Groundball, 13, EV 76.3 MPH)
Earl C Williams to second
Batting: RHB Barry Evans 0-0: Called Strike
0-1: Ball
1-1: Foul Ball, location: 2F
1-2: Ball
2-2: Ball
3-2: Ground out 4-3 (Groundball, 4, EV 103.8 MPH)
Bottom of the 4th over - 0 runs, 0 hits, 0 errors, 1 left on base; Cleveland 3 - Oakland 2
TOP OF THE 5TH
Cleveland Spiders batting - Pitching for Oakland Athletics : LHP Gerald Tyler
Batting: RHB Alan Trammell 0-0: Ground out 5-3 (Groundball, 5, EV 101.9 MPH)
Batting: SHB Bump Wills 0-0: Foul Ball, location: 2F
0-1: Foul Ball, location: 2F
0-2: Ball
1-2: Ball
2-2: Fly out, F9 (Flyball, 89D, EV 92.5 MPH)
Batting: RHB Cressy Pratt 0-0: Swinging Strike
0-1: Called Strike
0-2: Ball
1-2: Strikes out swinging
Top of the 5th over - 0 runs, 0 hits, 0 errors, 0 left on base; Cleveland 3 - Oakland 2
BOTTOM OF THE 5TH
Oakland Athletics batting - Pitching for Cleveland Spiders : RHP Vinny Mendoza
Batting: RHB Fred Andrews 0-0: Foul Ball, location: 2F
0-1: Ball
1-1: Hit by Pitch
Batting: RHB Scott Fletcher 0-0: Called Strike
0-1: Ball
1-1: Swinging Strike
1-2: Ball
2-2: Ball
3-2: SINGLE (Line Drive, 56, EV 110.0 MPH)
Fred Andrews to second
Batting: LHB Ruppert Jones 0-0: Ball
1-0: Ball
2-0: Ball
3-0: Foul Ball, location: 2F
3-1: Foul Ball, location: 2F
3-2: Strikes out swinging
Batting: RHB Dave Henderson 0-0: Foul Ball, location: 2F
0-1: Ball
1-1: Fly out, F8 (Flyball, 8RD, EV 95.6 MPH)
Batting: LHB Reggie Jackson 0-0: Foul Ball, location: 2F
0-1: Ball
1-1: Called Strike
1-2: Ball
2-2: Strikes out looking
Bottom of the 5th over - 0 runs, 1 hit, 0 errors, 2 left on base; Cleveland 3 - Oakland 2
TOP OF THE 6TH
Cleveland Spiders batting - Pitching for Oakland Athletics : LHP Gerald Tyler
Batting: RHB Clayton Elliott 0-0: Ball
1-0: Ball
2-0: Ball
3-0: Base on Balls
Batting: SHB Salvador Perez 0-0: Ball
1-0: Fly out, F9 (Flyball, 9D, EV 101.3 MPH)
Batting: RHB Tom Brunansky 0-0: Ball
1-0: Called Strike
1-1: Foul Ball, location: 2F
1-2: Ball
2-2: Fielders Choice at 2nd, 5-4 (Groundball, 56, EV 106.9 MPH)
Batting: RHB Kevin Bell 0-0: Ball
Tom Brunansky steals 2nd base (no throw)
1-0: Fly out, F7 (Flyball, 78M, EV 90.0 MPH)
Top of the 6th over - 0 runs, 0 hits, 0 errors, 1 left on base; Cleveland 3 - Oakland 2
BOTTOM OF THE 6TH
Oakland Athletics batting - Pitching for Cleveland Spiders : RHP Vinny Mendoza
Batting: RHB George Hendrick 0-0: Ball
1-0: Called Strike
1-1: Ball
2-1: Foul Ball, location: 2F
2-2: Fly out, F8 (Flyball, 8RM, EV 73.8 MPH)
Batting: RHB Earl C Williams 0-0: Called Strike
0-1: Ball
1-1: Foul Ball, location: 2F
1-2: Ball
2-2: Strikes out swinging
Batting: LHB Ben Oglivie 0-0: Called Strike
0-1: Ball
1-1: Foul Ball, location: 2F
1-2: Strikes out looking
Bottom of the 6th over - 0 runs, 0 hits, 0 errors, 0 left on base; Cleveland 3 - Oakland 2
TOP OF THE 7TH
Cleveland Spiders batting - Pitching for Oakland Athletics : LHP Gerald Tyler
Batting: RHB Lance Parrish 0-0: Called Strike
0-1: Fly out, F4 (Popup, 23, EV 88.8 MPH)
Batting: RHB Jesse Barfield 0-0: Called Strike
0-1: Foul Ball, location: 2F
0-2: Foul Ball, location: 2F
0-2: Strikes out looking
Batting: RHB Alan Trammell 0-0: Foul Ball, location: 2F
0-1: Ball
1-1: Swinging Strike
1-2: Ball
2-2: Strikes out swinging
Top of the 7th over - 0 runs, 0 hits, 0 errors, 0 left on base; Cleveland 3 - Oakland 2
BOTTOM OF THE 7TH
Oakland Athletics batting - Pitching for Cleveland Spiders : RHP Vinny Mendoza
Batting: RHB Barry Evans 0-0: Ball
1-0: Foul Ball, location: 2F
1-1: Swinging Strike
1-2: Strikes out swinging
Batting: RHB Fred Andrews 0-0: Called Strike
0-1: Swinging Strike
0-2: Ground out 6-3 (Groundball, 56, EV 106.9 MPH)
Batting: RHB Scott Fletcher 0-0: Ball
1-0: Ball
2-0: Called Strike
2-1: Ball
3-1: Base on Balls
Batting: LHB Ruppert Jones 0-0: Ball
Scott Fletcher steals 2nd base
1-0: Ball
2-0: Foul Ball, location: 2F
2-1: Swinging Strike
2-2: Ball
3-2: Base on Balls
Pitching: RHP Joe Beckwith
Batting: RHB Dave Henderson 0-0: Ball
1-0: Fly out, F8 (Flyball, 8LS, EV 88.8 MPH)
Bottom of the 7th over - 0 runs, 0 hits, 0 errors, 2 left on base; Cleveland 3 - Oakland 2
TOP OF THE 8TH
Cleveland Spiders batting - Pitching for Oakland Athletics : LHP Gerald Tyler
Batting: SHB Bump Wills 0-0: Called Strike
0-1: Ball
1-1: Ground out 4-3 (Groundball, 4, EV 86.9 MPH)
Batting: RHB Cressy Pratt 0-0: Foul Ball, location: 2F
0-1: Ball
1-1: Foul Ball, location: 2F
1-2: Strikes out swinging
Batting: RHB Clayton Elliott 0-0: Ball
1-0: Fly out, F3 (Popup, 3SF, EV 65.6 MPH)
Top of the 8th over - 0 runs, 0 hits, 0 errors, 0 left on base; Cleveland 3 - Oakland 2
BOTTOM OF THE 8TH
Oakland Athletics batting - Pitching for Cleveland Spiders : RHP Joe Beckwith
Batting: LHB Reggie Jackson 0-0: Ball
1-0: Ground out 4-3 (Groundball, 34, EV 85.0 MPH)
Batting: RHB George Hendrick 0-0: SOLO HOME RUN (Flyball, 78XD, EV 89.4 MPH), Distance : 438 ft
Batting: RHB Earl C Williams 0-0: Called Strike
0-1: Foul Ball, location: 2F
0-2: Strikes out swinging
Batting: LHB Ben Oglivie 0-0: Ball
1-0: Called Strike
1-1: Ground out 6-3 (Groundball, 6, EV 75.6 MPH)
Bottom of the 8th over - 1 run, 1 hit, 0 errors, 0 left on base; Cleveland 3 - Oakland 3
TOP OF THE 9TH
Cleveland Spiders batting - Pitching for Oakland Athletics : LHP Gerald Tyler
Batting: SHB Salvador Perez 0-0: Ball
1-0: Ball
2-0: Ground out 4-3 (Groundball, 34, EV 85.6 MPH)
Batting: RHB Tom Brunansky 0-0: Ball
1-0: Ball
2-0: Fly out, F7 (Flyball, 78S, EV 92.5 MPH)
Batting: RHB Kevin Bell 0-0: Swinging Strike
0-1: Ball
1-1: Ball
2-1: Fly out, F6 (Flyball, 56D, EV 90.0 MPH)
Top of the 9th over - 0 runs, 0 hits, 0 errors, 0 left on base; Cleveland 3 - Oakland 3
BOTTOM OF THE 9TH
Oakland Athletics batting - Pitching for Cleveland Spiders : RHP Joe Beckwith
Batting: RHB Barry Evans 0-0: Foul Ball, location: 2F
0-1: Ball
1-1: Fly out, F9 (Flyball, 9S, EV 83.1 MPH)
Pinch Hitting: SHB Chico Walker 0-0: Ball
1-0: Called Strike
1-1: Ball
2-1: Ball
3-1: Fly out, F8 (Flyball, 8LS, EV 71.3 MPH)
Batting: RHB Scott Fletcher 0-0: Called Strike
0-1: Ground out 6-3 (Groundball, 6, EV 80.6 MPH)
Bottom of the 9th over - 0 runs, 0 hits, 0 errors, 0 left on base; Cleveland 3 - Oakland 3
TOP OF THE 10TH
Cleveland Spiders batting - Pitching for Oakland Athletics : LHP Gerald Tyler
Now in CF: Chico Walker
Batting: RHB Lance Parrish 0-0: Called Strike
0-1: Foul Ball, location: 2F
0-2: Foul Ball, location: 2F
0-2: Foul Ball, location: 2F
0-2: Foul Ball, location: 2F
0-2: Ball
1-2: Foul Ball, location: 2F
1-2: Foul Ball, location: 2F
1-2: Fly out, F4 (Popup, 4, EV 58.1 MPH)
Batting: RHB Jesse Barfield 0-0: Called Strike
0-1: Foul Ball, location: 2F
0-2: Ball
1-2: Foul Ball, location: 2F
1-2: Ball
2-2: Strikes out looking
Batting: RHB Alan Trammell 0-0: Swinging Strike
0-1: Foul Ball, location: 2F
0-2: Ball
1-2: SINGLE (Line Drive, 56, EV 111.3 MPH)
Batting: SHB Bump Wills 0-0: Swinging Strike
0-1: Called Strike
0-2: Strikes out looking
Top of the 10th over - 0 runs, 1 hit, 0 errors, 1 left on base; Cleveland 3 - Oakland 3
BOTTOM OF THE 10TH
Oakland Athletics batting - Pitching for Cleveland Spiders : RHP Joe Beckwith
Batting: LHB Ruppert Jones 0-0: Ball
1-0: Called Strike
1-1: Foul Ball, location: 2F
1-2: Ball
2-2: DOUBLE (Line Drive, 9LM, EV 110.0 MPH)
Batting: RHB Dave Henderson 0-0: Called Strike
0-1: Called Strike
0-2: Reaches on Catchers interference
Batting: LHB Reggie Jackson 0-0: Called Strike
0-1: Foul Ball, location: 2F
0-2: Ball
1-2: Foul Ball, location: 2F
1-2: Ball
2-2: Ball
3-2: Fly out, F9 (Flyball, 9, EV 88.1 MPH)
Runner from 2nd tags up, SAFE at 3rd with throw by RF
Pitching: RHP Omar Huaman
Batting: RHB George Hendrick 0-0: Fly out, F7 (Line Drive, 7S, EV 91.9 MPH)
Batting: RHB Earl C Williams 0-0: Ball
1-0: Foul Ball, location: 2F
1-1: Ball
2-1: Ball
3-1: Swinging Strike
3-2: Strikes out swinging
Bottom of the 10th over - 0 runs, 1 hit, 1 error, 2 left on base; Cleveland 3 - Oakland 3
TOP OF THE 11TH
Cleveland Spiders batting - Pitching for Oakland Athletics : LHP Gerald Tyler
Batting: RHB Cressy Pratt 0-0: Ball
1-0: Foul Ball, location: 2F
1-1: Ball
2-1: Ball
3-1: Called Strike
3-2: Base on Balls
Batting: RHB Clayton Elliott 0-0: Ball
1-0: Foul Ball, location: 2F
1-1: Ball
2-1: Called Strike
2-2: Foul Ball, location: 2F
2-2: Ball
3-2: Base on Balls
Cressy Pratt to second
Pitching: RHP Mitch Byrnes
Batting: SHB Salvador Perez 0-0: Swinging Strike
0-1: Foul Ball, location: 2F
0-2: Fielders Choice at 2nd, 4-6 (Groundball, 4, EV 84.4 MPH)
Cressy Pratt to third
Batting: RHB Tom Brunansky 0-0: Ball
Salvador Perez steals 2nd base (no throw)
1-0: Intentional Walk
Batting: RHB Kevin Bell 0-0: Called Strike
0-1: Ball
1-1: Called Strike
1-2: Ball
2-2: Foul Ball, location: 2F
2-2: Ball
3-2: Strikes out swinging
Batting: RHB Lance Parrish 0-0: Called Strike
0-1: Ball
1-1: Foul Ball, location: 2F
1-2: Ball
2-2: Ball
3-2: SINGLE (Groundball, 4D, EV 100.6 MPH)
Cressy Pratt scores
Salvador Perez to third
Tom Brunansky to second
Salvador Perez scores
Tom Brunansky to third
Batting: RHB Jesse Barfield 0-0: Ball
1-0: Called Strike
1-1: Ball
2-1: 3-RUN HOME RUN (Flyball, 7D, EV 102.5 MPH), Distance : 380 ft
Batting: RHB Alan Trammell 0-0: Ball
1-0: Ball
2-0: Called Strike
2-1: Called Strike
2-2: Strikes out looking
Top of the 11th over - 5 runs, 2 hits, 0 errors, 0 left on base; Cleveland 8 - Oakland 3
BOTTOM OF THE 11TH
Oakland Athletics batting - Pitching for Cleveland Spiders : RHP Omar Huaman
Friday, July 24th, 2020 - OOTP Baseball 21.5 Build 71